 Dungeon Crawl Stone Soup version 0.26.0-16-gc1dbca0489 (webtiles) character file.

Game seed: 3588198363421904992

33485 H0rd4k the Eclecticist (level 13, -3/63 HPs)
             Began as a Deep Elf Hedge Wizard on Jan 14, 2021.
             Was an Initiate of Gozag.
             Slain by a five-headed hydra (6 damage)
             ... on level 6 of the Lair of Beasts on Jan 21, 2021.
             The game lasted 01:02:10 (23135 turns).

H0rd4k the Eclecticist (Deep Elf Hedge Wizard)     Turns: 23135, Time: 01:02:11

Health: -3/63      AC:  7    Str:  4    XL:     13   Next: 37%
Magic:  0/37       EV: 14    Int: 25    God:    Gozag
Gold:   1058       SH:  0    Dex: 17    Spells: 32/48 levels left

rFire    + . .     SeeInvis .   M - staff of conjuration
rCold    + . .     Faith    .   (no shield)
rNeg     . . .     Spirit   +   E - +0 leather armour "Hynugysa" {Dex+3}
rPois    .         Reflect  .   c - +0 hat
rElec    .         Harm     +   x - scarf {harm}
rCorr    .         Rampage  .   (no gloves)
Will     ++...                  (no boots)
Stlth    +++.......             p - amulet of guardian spirit
HPRegen  0.20/turn              n - ring of wizardry
MPRegen  0.25/turn              N - ring "Pawustru" {rF+ rC+ Will+ AC+4 Str-3}

@: lethally poisoned (-3 -> -7), about to teleport, gold aura
A: no striking features
a: Renounce Religion, Potion Petition, Call Merchant, Bribe Branch


You were on level 6 of the Lair of Beasts.
You worshipped Gozag.
Gozag was most pleased with you.
You visited 2 branches of the dungeon, and saw 17 of its levels.

You collected 3775 gold pieces.
You spent 675 gold pieces at shops.
You paid 2042 gold pieces to Gozag.

Inventory:

Hand Weapons
 a - a +0 dagger
Armour
 c - a +0 hat (worn)
 x - a scarf of harm (worn)
 E - the +0 leather armour "Hynugysa" (worn) {Dex+3}
   (You found it on level 9 of the Dungeon)

   It affects your dexterity (+3).
Magical Staves
 M - an uncursed staff of conjuration (weapon)
Jewellery
 n - a ring of wizardry (left hand)
 p - an amulet of guardian spirit (around neck)
 y - an uncursed ring of flight
 I - an uncursed ring of protection from cold
 K - an uncursed ring of stealth
 L - an uncursed ring of fire
 N - the ring "Pawustru" (right hand) {rF+ rC+ Will+ AC+4 Str-3}
   (You bought it in a shop on level 8 of the Dungeon)

   [ring of protection]

   It affects your AC (+4).
   It affects your strength (-3).
   It protects you from fire.
   It protects you from cold.
   It affects your willpower, your defense against some magical effects.
Wands
 j - a wand of enslavement (5)
 t - a wand of flame (84)
 u - a wand of iceblast (13)
 v - a wand of polymorph (17)
 D - a wand of paralysis (5)
 H - a wand of acid (6)
Scrolls
 d - 3 scrolls of fog
 f - 9 scrolls of identify
 g - 4 scrolls of enchant armour
 k - 7 scrolls of remove curse
 m - 2 scrolls of teleportation
 o - 5 scrolls of enchant weapon
 s - a scroll of magic mapping
 z - 3 scrolls of fear
 A - 3 scrolls of immolation
 B - 2 scrolls of amnesia
 G - a scroll of silence
 J - 4 scrolls of blinking
Potions
 b - 3 potions of brilliance
 h - a potion of invisibility
 i - 2 potions of magic
 l - 3 potions of heal wounds
 q - 3 potions of mutation
 w - a potion of ambrosia
 F - a potion of might
 O - a potion of flight
 P - a potion of resistance


   Skills:
 + Level 5.5 Dodging
 + Level 5.7 Stealth
 + Level 18.3 Spellcasting
 + Level 11.5 Conjurations
 + Level 1.1 Summonings
 + Level 4.2 Translocations
 + Level 4.5 Transmutations
 - Level 4.0 Fire Magic
 - Level 3.8 Air Magic
 + Level 9.9 Poison Magic
 + Level 5.2 Evocations


You had 32 spell levels left.
You knew the following spells:

 Your Spells              Type           Power        Failure   Level
a - Magic Dart            Conj           100%         1%          1
b - Blink                 Tloc           N/A          1%          2
c - Conjure Flame         Conj/Fire      75%          1%          3
d - Mephitic Cloud        Conj/Pois/Air  78%          1%          3
e - Olgreb's Toxic Radia  Pois           64%          1%          4
f - Ignite Poison         Fire/Tmut/Pois 52%          1%          3

Your spell library contained the following spells:

 Spells                   Type           Power        Failure   Level
 Animate Skeleton         Necr           44%          1%          1
 Apportation              Tloc           88%          1%          1
 Corona                   Hex            24%          1%          1
 Sting                    Tmut/Pois      100%         1%          1
 Summon Small Mammal      Summ           100%         1%          1
 Call Imp                 Summ           28%          1%          2
 Poisonous Vapours        Pois/Air       100%         1%          2
 Dazzling Flash           Conj/Hex       100%         1%          3
 Ensorcelled Hibernation  Hex/Ice        44%          2%          2
 Slow                     Hex            22%          2%          2
 Confusing Touch          Hex            22%          4%          3
 Tukima's Dance           Hex            22%          4%          3


Dungeon Overview and Level Annotations

Branches:
Dungeon (11/15)            Temple (0/1) D:7            Lair (5/6) D:8
  Swamp (0/4) Lair:3        Snake (0/4) Lair:3
  Slime: Lair:5-6       Orc: D:9-12

Altars:
Ashenzari
Cheibriados
Dithmenos
Elyvilon
Gozag
Hepliaklqana
Makhleb
Nemelex Xobeh
Qazlal
Yredelemnul
Zin

Shops:
D:4 (   D:8 *==

Portals:
Volcano: Lair:6

Annotations:
D:3 Grinder
D:6 exclusion: downstairs
D:7 exclusion: 2 downstairs
D:10 exclusion: downstairs
Lair:1 exclusion: downstairs
Lair:2 1 runed translucent door, exclusions: door and downstairs, Kotami's ghost, journeyman OpFi
Lair:3 1 runed translucent door, exclusion: door, Fannar; FreshCat's ghost, journeyman HOMo
Lair:4 exclusions: 2 downstairs and upstairs


Message History

Unknown command.
You barely miss the hell hound.
You feel sick. The hell hound bites you. The hell hound closely misses you.
Your water moccasin bites the cane toad.
The cane toad misses your water moccasin.
The hell hound closely misses you.
The hell hound bites you but does no damage.
Something bites your water moccasin!!
Your water moccasin dies!
Casting: Blink (safe; 1% risk of failure)
Confirm with . or Enter, or press ? or * to list all spells.
You blink.
You feel sick. The cane toad stings you!
The hell hound becomes distracted by the nearby gold, dreaming of imaginary riches.
Unknown command.
As you read the scroll of teleportation, it crumbles to dust.
You feel strangely unstable.
You feel sick. The cane toad stings you!
* * * LOW HITPOINT WARNING * * *
The five-headed hydra bites you!
You die...
Your body crumbles into a pile of gold.

*,,,*
*,,**##**#.........#,*,,**
,,,,* *,,,*
*##*#....#...#*,,** ,,,**
**,,**#∩####.Y..#*******
,,,*****,,***...###....#
,*,,*,*,,,*##S.##......#
,,,,,*,,,$##...#.......#
,,,,,,,,,,#hS###l......#
,,,,,,,,,,##..hDF.....##
,,***,*^,,,#####@...##.#
*,* ****,,$,*#.....#.###
*** ******##.##..##
##*####


You could see a five-headed hydra, an elephant, a black mamba, a cane toad, a
basilisk and 2 hell hounds.

Vanquished Creatures
  Snorg (Lair:5)
  2 catoblepae (Lair:6)
  5 hydras
  A two-headed ogre (D:8)
  A boulder beetle (Lair:5)
  5 death yaks (Lair:6)
  A manticore (Lair:6)
  A cyclops (D:8)
  An ugly thing (D:11)
  8 elephants (Lair:5)
  A black mamba (Lair:2)
  A torpor snail (Lair:4)
  6 cane toads
  7 komodo dragons
  A hornet (D:11)
  A polar bear (Lair:5)
  Eustachio (D:4)
  36 yaks
  A basilisk (Lair:1)
  7 wyverns
  3 swamp worms (Lair:1)
  3 nagas (Lair:3)
  10 water moccasins
  2 orc warriors
  3 sky beasts
  3 ice beasts
  A hornet zombie (D:7)
  3 black bears
  5 ogres
  18 wolves
  2 centaurs (D:10)
  Blork the orc (D:4)
  A big kobold (D:7)
  10 bullfrogs
  2 gnoll sergeants
  7 scorpions
  16 killer bees
  16 wights
  2 electric eels (Lair:4)
  2 howler monkeys (D:8)
  2 jellies
  7 hounds
  3 orc priests
  2 bullfrog zombies
  Jessica (D:3)
  2 centaur skeletons
  3 iguanas
  Ijyb (D:5)
  8 orc wizards
  5 worker ants
  A hound skeleton (D:4)
  A worker ant zombie (D:6)
  Robin (D:2)
  12 gnolls
  A howler monkey skeleton (D:5)
  15 adders
  A shadow imp (D:6)
  An ufetubus (D:5)
  2 oozes
  An adder zombie (D:5)
  An adder skeleton (D:4)
  A worm (D:1)
  3 dart slugs
  8 leopard geckos
  32 orcs
  6 giant cockroaches
  2 gnoll zombies (D:7)
  17 goblins
  11 hobgoblins
  8 jackals
  7 quokkas
  2 ball pythons
  6 bats
  6 frilled lizards
  A jackal skeleton (D:5)
  A jackal zombie (D:6)
  17 kobolds
  A leopard gecko zombie (D:7)
  A quokka skeleton (D:4)
  12 rats
411 creatures vanquished.

Vanquished Creatures (others)
  A water moccasin (Lair:6)
  An orc priest (D:5)
  19 fungi
  51 plants
72 creatures vanquished.

Grand Total: 483 creatures vanquished

Notes
Turn   | Place    | Note
-------+----------+-------------------------------------------
     0 | D:1      | H0rd4k the Deep Elf Hedge Wizard began the quest for the
                  | Orb.
     0 | D:1      | Reached XP level 1. HP: 10/10 MP: 7/7
   238 | D:1      | Reached XP level 2. HP: 15/15 MP: 3/9
   447 | D:1      | Reached skill level 5 in Spellcasting
   864 | D:1      | Reached XP level 3. HP: 17/19 MP: 6/11
   867 | D:1      | Learned a level 2 spell: Blink
   871 | D:1      | Learned a level 3 spell: Conjure Flame
   875 | D:1      | Learned a level 3 spell: Mephitic Cloud
  1918 | D:2      | Found an opulent altar of Gozag.
  1926 | D:2      | Became a worshipper of Gozag Ym Sagoz the Greedy
  2106 | D:2      | Reached XP level 4. HP: 24/24 MP: 5/13
  2827 | D:2      | Noticed Robin
  3616 | D:3      | Reached XP level 5. HP: 28/28 MP: 12/15
  3637 | D:3      | Reached skill level 1 in Poison Magic
  3794 | D:3      | Noticed Jessica
  3796 | D:3      | Killed Jessica
  3864 | D:3      | Reached skill level 1 in Air Magic
  3906 | D:3      | Found a snail-covered altar of Cheibriados.
  3963 | D:3      | Reached skill level 1 in Fire Magic
  4274 | D:3      | Noticed Grinder
  4364 | D:3      | Reached skill level 6 in Spellcasting
  4622 | D:2      | Killed Robin
  4929 | D:3      | Upgraded the game from 0.26.0-10-g1f06aea511 to
                  | 0.26.0-11-g8f856b5395
  4929 | D:3      | Upgraded the game from 0.26.0-11-g8f856b5395 to
                  | 0.26.0-16-gc1dbca0489
  4930 | D:4      | Found a white marble altar of Elyvilon.
  4937 | D:4      | Reached XP level 6. HP: 32/32 MP: 12/17
  5045 | D:4      | Found Hycithrih's Antique Weapon Shop.
  5464 | D:4      | Found a sparkling altar of Nemelex Xobeh.
  5648 | D:4      | Noticed Blork the orc
  5667 | D:4      | Killed Blork the orc
  5668 | D:4      | Reached skill level 7 in Spellcasting
  5668 | D:4      | Reached XP level 7. HP: 20/36 MP: 3/19
  5710 | D:4      | Reached skill level 5 in Conjurations
  5897 | D:4      | Noticed Eustachio
  5927 | D:4      | Killed Eustachio
  6452 | D:5      | Entered Level 5 of the Dungeon
  6491 | D:5      | Reached skill level 8 in Spellcasting
  6656 | D:5      | Reached XP level 8. HP: 16/41 MP: 4/22
  7039 | D:5      | Found a sparkling altar of Nemelex Xobeh.
  7042 | D:5      | Noticed Ijyb
  7046 | D:5      | Found a shadowy altar of Dithmenos.
  7055 | D:5      | Killed Ijyb
  7057 | D:5      | Found a stormy altar of Qazlal.
  7215 | D:5      | Found a hazy altar of Hepliaklqana.
  8026 | D:6      | Reached skill level 1 in Evocations
  8094 | D:6      | Reached skill level 9 in Spellcasting
  9398 | D:7      | Found a broken altar of Ashenzari.
  9482 | D:7      | Reached XP level 9. HP: 34/45 MP: 7/24
  9743 | D:7      | Found a basalt altar of Yredelemnul.
  9847 | D:7      | Found a staircase to the Ecumenical Temple.
 10025 | D:7      | Reached skill level 10 in Spellcasting
 10517 | D:8      | Reached skill level 11 in Spellcasting
 10764 | D:8      | Noticed a cyclops
 10785 | D:8      | Killed a cyclops
 11282 | D:9      | Reached skill level 12 in Spellcasting
 11344 | D:9      | Reached XP level 10. HP: 50/50 MP: 24/28
 11689 | D:8      | Found a staircase to the Lair.
 11828 | D:8      | Noticed a two-headed ogre
 11912 | D:7      | Learned a level 4 spell: Olgreb's Toxic Radiance
 11916 | D:7      | Learned a level 3 spell: Ignite Poison
 12301 | D:8      | Killed a two-headed ogre
 12469 | D:8      | Reached skill level 13 in Spellcasting
 12731 | D:9      | Got a slimy leather armour
 12987 | D:9      | Found a glowing silver altar of Zin.
 13095 | D:9      | Found a burning altar of Makhleb.
 13097 | D:9      | Noticed a balrug
 13099 | D:9      | Found a glowing silver altar of Zin.
 13100 | D:9      | Noticed an angel
 13627 | D:9      | Identified the cursed +0 leather armour "Hynugysa" {Dex+3}
                  | (You found it on level 9 of the Dungeon)
 13651 | D:10     | Entered Level 10 of the Dungeon
 15525 | D:11     | Noticed a cyan ugly thing
 15536 | D:11     | Killed a cyan ugly thing
 15644 | D:11     | Reached skill level 10 in Conjurations
 15701 | D:11     | Noticed a brown ugly thing
 15746 | D:11     | Reached XP level 11. HP: 49/54 MP: 16/30
 16023 | D:8      | Reached skill level 14 in Spellcasting
 16165 | Lair:1   | Entered Level 1 of the Lair of Beasts
 16316 | Lair:1   | Reached skill level 5 in Stealth
 16325 | Lair:1   | Reached skill level 5 in Dodging
 16811 | Lair:1   | Reached skill level 5 in Poison Magic
 17747 | Lair:2   | Reached skill level 15 in Spellcasting
 18193 | Lair:2   | Reached skill level 1 in Transmutations
 18571 | Lair:2   | Found a runed translucent door.
 18573 | Lair:2   | Noticed Kotami's ghost (journeyman OpFi)
 18688 | Lair:2   | Noticed a seven-headed hydra
 18778 | Lair:2   | Killed a seven-headed hydra
 19631 | Lair:3   | Found a runed translucent door.
 19636 | Lair:3   | Noticed FreshCat's ghost (journeyman HOMo)
 19637 | Lair:3   | Identified the cursed +0 trident of Eternity {vorpal, rC+}
 19637 | Lair:3   | Noticed a spriggan rider
 19639 | Lair:3   | Noticed a spriggan rider
 19711 | Lair:3   | Noticed Fannar
 19792 | D:8      | Bought the ring "Pawustru" {rF+ rC+ Will+ AC+4 Str-3} for
                  | 675 gold pieces
 20064 | Lair:3   | Found a staircase to the Swamp.
 20113 | Lair:3   | Found a staircase to the Snake Pit.
 20123 | Lair:3   | Reached XP level 12. HP: 41/59 MP: 17/33
 20423 | Lair:3   | Reached skill level 16 in Spellcasting
 20649 | Lair:4   | Noticed a four-headed hydra
 21364 | Lair:4   | Noticed a five-headed hydra
 21445 | Lair:4   | Killed a five-headed hydra
 21903 | Lair:4   | Killed a four-headed hydra
 22249 | Lair:5   | Noticed Snorg
 22276 | Lair:5   | Reached skill level 17 in Spellcasting
 22614 | Lair:5   | Killed Snorg
 22622 | Lair:5   | Noticed a five-headed hydra
 22752 | Lair:5   | Killed a five-headed hydra
 22756 | Lair:5   | Noticed a six-headed hydra
 22762 | Lair:5   | Reached skill level 5 in Evocations
 22765 | Lair:5   | Killed a six-headed hydra
 22766 | Lair:5   | Reached XP level 13. HP: 63/63 MP: 13/36
 22950 | Lair:5   | You fall into a shaft and drop 1 floor!
 22950 | Lair:6   | Entered Level 6 of the Lair of Beasts
 22962 | Lair:6   | Reached skill level 18 in Spellcasting
 23132 | Lair:6   | Found a dark tunnel.
 23135 | Lair:6   | HP: 3/63 [cane toad (16)]
 23135 | Lair:6   | Slain by a five-headed hydra

Illustrated notes

Levels and vault maps discovered:
D:1:      dpeg_arrival_morbid_curiosity, layout_rooms
D:2:      layout_loops_corners, lemuel_doored_altar, uniq_robin
D:3:      kennysheep_six_static_rooms, layout_basic, cheibriados_altar_1,
          uniq_jessica, uniq_grinder
D:4:      layout_basic, elyvilon_altar_5, serial_shops, shop,
          corexii_leaking_fountain, minmay_ruined_shrine, uniq_blork_the_orc,
          uniq_eustachio
D:5:      layout_rooms, old_standard_altar, minitemple, serial_glass,
          glass_columns_c, glass_columns_c, uniq_ijyb
D:6:      layout_loops_corners
D:7:      layout_cave_pools, lemuel_zombie_altar_yredelemnul,
          kennysheep_little_box, minmay_temple_entry_purple_smoke, minmay_holes
D:8:      layout_loops_ring, minmay_lair_entry_grove
D:9:      layout_layer_cave, grunt_temple_overflow_order_and_chaos_2,
          basic_altar
D:10:     layout_irregular_city
D:11:     layout_loops_ring, uniq_urug
Lair:1:   layout_roguey, worms_lemuel, grunt_megastairs_5
Lair:2:   layout_regular_city, ebering_ghost_inner_flame
Lair:3:   layout_layer_cave, minmay_swamp_entry_wisps,
          guppyfry_snake_entry_garden, ebering_ghost_funeral_grove, uniq_fannar
Lair:4:   layout_cellular_growth, gauntlet_entry_generic, serial_bayou_shore_a,
          infiniplex_staircase_pool
Lair:5:   layout_layer_cave, slime_altar_2, uniq_snorg
Lair:6:   evilmike_catoblepas_cave, layout_loops_ring, special_room
          [special_room_bee], enter_volcano_3

Skill      XL: |  1  2  3  4  5  6  7  8  9 10 11 12 13 |
---------------+----------------------------------------+-----
Spellcasting   | 5 6 7 8 9 12 13 15 17 18 | 18.3
Conjurations   | 2 3 4 5 7 8 10 11 | 11.5
Stealth        | 3 4 5 |  5.7
Poison Magic   | 1 2 3 4 7 9 |  9.9
Air Magic      | 1 2 3 |  3.8
Fire Magic     | 1 2 3 4 |  4.0
Dodging        | 3 4 5 |  5.5
Evocations     | 1 4 5 |  5.2
Translocations | 2 4 |  4.2
Transmutations | 1 3 4 |  4.5
Summonings     | |  1.1

Action                   |  1- 3 |  4- 6 |  7- 9 | 10-12 | 13-15 || total
-------------------------+-------+-------+-------+-------+-------++-------
Melee: Dagger            |       |     3 |       |       |       ||     3
       Staff             |       |       |       |     1 |     1 ||     2
 Cast: Magic Dart        |   117 |   201 |   244 |   427 |     9 ||   998
       Mephitic Cloud    |     2 |     4 |    46 |    24 |       ||    76
       Conjure Flame     |       |     9 |    36 |    71 |       ||   116
       Blink             |       |     1 |     3 |    35 |     4 ||    43
       Olgreb's Toxic Ra |       |       |       |    40 |     9 ||    49
       Ignite Poison     |       |       |       |    47 |    15 ||    62
Invok: Call Merchant     |       |       |       |     3 |       ||     3
Evoke: Wand              |       |       |     9 |    25 |     1 ||    35
  Use: Scroll            |       |       |    12 |    10 |     2 ||    24
       Potion            |       |       |       |     9 |     1 ||    10
Armor: Robe              |     2 |     4 |     4 |     1 |       ||    11
       Leather armour    |       |       |       |    13 |     2 ||    15
Dodge: Dodged            |    19 |    16 |    64 |   120 |    13 ||   232
